SL
HARTFORD WHALERS @ PHILADEPHIA 1776 BC
05/19/2018
 
TOP OF THE 1ST
Hartford Whalers batting - Pitching for Philadephia 1776 BC : LHP Walt Johnston
Pitching: LHP Walt Johnston
Batting: LHB Bill Burgess 0-0: Called Strike
0-1: DOUBLE (Groundball, 3L)
Batting: LHB Frank Parks 0-0: Called Strike
0-1: Ball
1-1: Swinging Strike
1-2: Ball
2-2: Ball
3-2: Foul Ball, location: 2F
3-2: Foul Ball, location: 2F
3-2: Strikes out swinging
Batting: RHB Tyrone Scott 0-0: Called Strike
0-1: Ball
1-1: Ground out 4-3 (Groundball, 13)
Bill Burgess to third
Batting: LHB Leonardo López 0-0: Ball
1-0: Fly out, F8 (Flyball, 8LD)
Top of the 1st over - 0 run(s), 1 hit(s), 0 error(s), 1 left on base; Hartford 0 - Philadephia 1776 0
BOTTOM OF THE 1ST
Philadephia 1776 BC batting - Pitching for Hartford Whalers : RHP Dave Tomlinson
Pitching: RHP Dave Tomlinson
Batting: LHB Sébastien Rolland 0-0: Foul Ball, location: 2F
0-1: Swinging Strike
0-2: Ball
1-2: SINGLE (Groundball, 56)
Batting: RHB Iván Pérez 0-0: Ball
Sébastien Rolland steals 2nd base
1-0: Called Strike
1-1: Swinging Strike
1-2: Ball
2-2: Ball
3-2: Foul Ball, location: 2F
3-2: Foul Ball, location: 2F
3-2: Strikes out looking
Pitching: RHP Jeff Macías
Batting: RHB Brian O'Brian 0-0: Foul Ball, location: 2F
0-1: Fly out, F8 (Popup, 6MD)
Batting: LHB Chris Nelson 0-0: Foul Ball, location: 2F
0-1: SINGLE (Groundball, 34D)
Sébastien Rolland to third
Runner from 3rd tries for Home, SAFE, no throw or cutoff
Batting: RHB Carl Good 0-0: Ball
1-0: Ball
2-0: Foul Ball, location: 2F
2-1: Foul Ball, location: 2F
2-2: Strikes out swinging
Bottom of the 1st over - 1 run(s), 2 hit(s), 0 error(s), 1 left on base; Hartford 0 - Philadephia 1776 1
TOP OF THE 2ND
Hartford Whalers batting - Pitching for Philadephia 1776 BC : LHP Walt Johnston
Batting: RHB Roberto Ramírez 0-0: Ball
1-0: Called Strike
1-1: Ball
2-1: Ball
3-1: Called Strike
3-2: Foul Ball, location: 2F
3-2: Base on Balls
Batting: RHB Dave O'Day 0-0: Called Strike
0-1: Ball
1-1: Foul Ball, location: 2F
1-2: Ball
2-2: Strikes out looking
Batting: LHB César Durán 0-0: Swinging Strike
0-1: SINGLE (Line Drive, 4D)
Roberto Ramírez to second
Batting: RHB Félix Rodríguez 0-0: Fly out, F9 (Flyball, 9LD)
Runner from 2nd tags up, SAFE at 3rd, no throw
Pinch Hitting: RHB Mal Green 0-0: Ball
1-0: Ball
2-0: Ball
3-0: Base on Balls
César Durán to second
Batting: LHB Bill Burgess 0-0: Ball
1-0: DOUBLE (Flyball, 89XD)
Roberto Ramírez scores
César Durán scores
Mal Green to third
Runner from 3rd tries for Home, SAFE, no throw or cutoff
Batting: LHB Frank Parks 0-0: Ground out U3 (Groundball, 3L)
Top of the 2nd over - 3 run(s), 2 hit(s), 0 error(s), 1 left on base; Hartford 3 - Philadephia 1776 1
BOTTOM OF THE 2ND
Philadephia 1776 BC batting - Pitching for Hartford Whalers : RHP Jeff Macías
Pitching: RHP Iván Cordero
Batting: LHB Matt Mitchell 0-0: Ball
1-0: Foul Ball, location: 2F
1-1: Foul Ball, location: 2F
1-2: DOUBLE (Flyball, 7LM)
Batting: RHB Lúcio Montoya 0-0: Ball
1-0: Ball
2-0: Swinging Strike
2-1: Ball
3-1: Foul Ball, location: 2F
3-2: Fly out, F8 (Line Drive, 8LM)
Batting: RHB Soseki Matsunaga 0-0: Ball
1-0: Swinging Strike
1-1: Ball
2-1: Fly out, F9 (Flyball, 89M)
Batting: LHB Walt Johnston 0-0: Ball
1-0: Ball
2-0: Swinging Strike
2-1: Ball
3-1: SINGLE (Line Drive, 3D)
Matt Mitchell to third
Runner from 3rd tries for Home, SAFE, no throw or cutoff
Pitching: RHP Kelly Hampton
Batting: LHB Sébastien Rolland 0-0: Foul Ball, location: 2F
0-1: Swinging Strike
0-2: Ball
1-2: Fly out, F6 (Popup, 6MS)
Bottom of the 2nd over - 1 run(s), 2 hit(s), 0 error(s), 1 left on base; Hartford 3 - Philadephia 1776 2
TOP OF THE 3RD
Hartford Whalers batting - Pitching for Philadephia 1776 BC : LHP Walt Johnston
Batting: RHB Tyrone Scott 0-0: Called Strike
0-1: Foul Ball, location: 2F
0-2: Ball
1-2: Fly out, F9 (Flyball, 89XD)
Batting: LHB Leonardo López 0-0: Ball
1-0: Ground out 2-3 (Groundball, 2R)
Batting: RHB Roberto Ramírez 0-0: Foul Ball, location: 2F
0-1: Foul Ball, location: 2F
0-2: Ball
1-2: Ball
2-2: Foul Ball, location: 2F
2-2: Foul Ball, location: 2F
2-2: Foul Ball, location: 2F
2-2: SOLO HOME RUN (Flyball, 8RXD), Distance : 438 ft
Batting: RHB Dave O'Day 0-0: Ball
1-0: Ball
2-0: Called Strike
2-1: SOLO HOME RUN (Flyball, 78XD), Distance : 419 ft
Batting: LHB César Durán 0-0: Ball
1-0: Fly out, F7 (Flyball, 7M)
Top of the 3rd over - 2 run(s), 2 hit(s), 0 error(s), 0 left on base; Hartford 5 - Philadephia 1776 2
BOTTOM OF THE 3RD
Philadephia 1776 BC batting - Pitching for Hartford Whalers : RHP Kelly Hampton
Batting: RHB Iván Pérez 0-0: Ball
1-0: Ball
2-0: Ball
3-0: Called Strike
3-1: Foul Ball, location: 2F
3-2: Base on Balls
Batting: RHB Brian O'Brian 0-0: Called Strike
0-1: Foul Ball, location: 2F
0-2: Ball
1-2: Fly out, F7 (Flyball, 7S)
Batting: LHB Chris Nelson 0-0: Swinging Strike
0-1: Foul Ball, location: 2F
0-2: Ball
1-2: Fly out, F6 (Line Drive, 6D)
Batting: RHB Carl Good 0-0: Called Strike
0-1: SINGLE (Line Drive, 7S)
Iván Pérez to second
Batting: LHB Matt Mitchell 0-0: Foul Ball, location: 2F
0-1: Called Strike
0-2: Strikes out swinging
Bottom of the 3rd over - 0 run(s), 1 hit(s), 0 error(s), 2 left on base; Hartford 5 - Philadephia 1776 2
TOP OF THE 4TH
Hartford Whalers batting - Pitching for Philadephia 1776 BC : LHP Walt Johnston
Batting: RHB Félix Rodríguez 0-0: Swinging Strike
0-1: Ball
1-1: SINGLE (Line Drive, 4M)
Batting: RHB Kelly Hampton 0-0: Bunted foul
0-1: Ball
1-1: Ball
2-1: Bunted foul
2-2: Ball
3-2: Sac Bunt - play at first, batter OUT! 2-4
Félix Rodríguez to second
Batting: LHB Bill Burgess 0-0: Ball
1-0: Called Strike
1-1: Called Strike
1-2: Strikes out swinging
Batting: LHB Frank Parks 0-0: Ball
1-0: Called Strike
1-1: Fly out, F7 (Flyball, 78M)
Top of the 4th over - 0 run(s), 1 hit(s), 0 error(s), 1 left on base; Hartford 5 - Philadephia 1776 2
BOTTOM OF THE 4TH
Philadephia 1776 BC batting - Pitching for Hartford Whalers : RHP Kelly Hampton
Batting: RHB Lúcio Montoya 0-0: Fly out, F2 (Popup, 2RF)
Batting: RHB Soseki Matsunaga 0-0: Foul Ball, location: 2F
0-1: Ground out 2-3 (Groundball, 25)
Pinch Hitting: LHB John Boone 0-0: Swinging Strike
0-1: Ball
1-1: Ball
2-1: Ball
3-1: Foul Ball, location: 2F
3-2: Base on Balls
Batting: LHB Sébastien Rolland 0-0: Ball
1-0: Ground out U3 (Groundball, 3L)
Bottom of the 4th over - 0 run(s), 0 hit(s), 0 error(s), 1 left on base; Hartford 5 - Philadephia 1776 2
TOP OF THE 5TH
Hartford Whalers batting - Pitching for Philadephia 1776 BC : LHP Walt Johnston
Pitching: RHP Ray Gordon
Batting: RHB Tyrone Scott 0-0: Ball
1-0: Ground out 5-3 (Groundball, 5S)
Batting: LHB Leonardo López 0-0: Ball
1-0: Foul Ball, location: 2F
1-1: Foul Ball, location: 2F
1-2: Strikes out swinging
Batting: RHB Roberto Ramírez 0-0: Ball
1-0: Foul Ball, location: 2F
1-1: Foul Ball, location: 2F
1-2: Ground out 5-3 (Groundball, 56)
Top of the 5th over - 0 run(s), 0 hit(s), 0 error(s), 0 left on base; Hartford 5 - Philadephia 1776 2
BOTTOM OF THE 5TH
Philadephia 1776 BC batting - Pitching for Hartford Whalers : RHP Kelly Hampton
Batting: RHB Iván Pérez 0-0: Swinging Strike
0-1: Called Strike
0-2: Foul Ball, location: 2F
0-2: Ball
1-2: Ball
2-2: SINGLE (Groundball, 56)
Batting: RHB Brian O'Brian 0-0: SINGLE (Line Drive, 89S)
Iván Pérez to second
Batting: LHB Chris Nelson 0-0: Called Strike
0-1: Foul Ball, location: 2F
0-2: Ball
1-2: Grounds into double play, 4-6-3 (Groundball, 4M)
Iván Pérez to third
Batting: RHB Carl Good 0-0: Called Strike
0-1: Called Strike
0-2: Ball
1-2: Foul Ball, location: 2F
1-2: Ball
2-2: SINGLE (Flyball, 89S)
Iván Pérez scores
Batting: LHB Matt Mitchell 0-0: Ball
1-0: Foul Ball, location: 2F
1-1: Ball
2-1: Ball
3-1: Fly out, F7 (Flyball, 7M)
Bottom of the 5th over - 1 run(s), 3 hit(s), 0 error(s), 1 left on base; Hartford 5 - Philadephia 1776 3
TOP OF THE 6TH
Hartford Whalers batting - Pitching for Philadephia 1776 BC : RHP Ray Gordon
Batting: RHB Dave O'Day 0-0: Ball
1-0: Called Strike
1-1: Swinging Strike
1-2: Foul Ball, location: 2F
1-2: Strikes out swinging
Batting: LHB César Durán 0-0: Ball
1-0: Ball
2-0: Foul Ball, location: 2F
2-1: Fly out, F8 (Flyball, 78M)
Batting: RHB Félix Rodríguez 0-0: SOLO HOME RUN (Flyball, 7D), Distance : 373 ft
Pinch Hitting: SHB Robert Shelby 0-0: Reached on error, E4 (Groundball, 34)
Batting: LHB Bill Burgess 0-0: Ball
1-0: Ball
2-0: Ball
3-0: Base on Balls
Batting: LHB Frank Parks 0-0: Called Strike
0-1: Foul Ball, location: 2F
0-2: Strikes out swinging
Top of the 6th over - 1 run(s), 1 hit(s), 1 error(s), 2 left on base; Hartford 6 - Philadephia 1776 3
BOTTOM OF THE 6TH
Philadephia 1776 BC batting - Pitching for Hartford Whalers : RHP Kelly Hampton
Pitching: LHP Tony Cherena
Batting: RHB Lúcio Montoya 0-0: Ball
1-0: Foul Ball, location: 2F
1-1: Fly out, F1 (Popup, 25)
Batting: RHB Soseki Matsunaga 0-0: Bunt missed!
0-1: Ball
1-1: Called Strike
1-2: Ball
2-2: Fly out, F4 (Popup, 89S)
Pinch Hitting: LHB Manuel García 0-0: Called Strike
0-1: Ball
1-1: Fly out, F8 (Flyball, 8RM)
Bottom of the 6th over - 0 run(s), 0 hit(s), 0 error(s), 0 left on base; Hartford 6 - Philadephia 1776 3
TOP OF THE 7TH
Hartford Whalers batting - Pitching for Philadephia 1776 BC : RHP Ray Gordon
Pitching: LHP Francisco Carrasco
Batting: RHB Tyrone Scott 0-0: Called Strike
0-1: SINGLE (Groundball, 34S)
Batting: LHB Leonardo López 0-0: Ball
1-0: Called Strike
1-1: Ball
2-1: Ball
3-1: Fly out, F9 (Line Drive, 9D)
Batting: RHB Roberto Ramírez 0-0: Ball
1-0: Ball
2-0: Foul Ball, location: 2F
2-1: Called Strike
2-2: Foul Ball, location: 2F
2-2: Ball
3-2: SINGLE (Line Drive, 78S)
Tyrone Scott to second
Batting: RHB Dave O'Day 0-0: Called Strike
0-1: Foul Ball, location: 2F
0-2: Ball
1-2: Strikes out swinging
Batting: LHB César Durán 0-0: Called Strike
0-1: Ball
1-1: SINGLE (Line Drive, 8RS)
Tyrone Scott to third
Roberto Ramírez to second
Runner from 3rd tries for Home, SAFE, no throw or cutoff
Batting: RHB Félix Rodríguez 0-0: Called Strike
0-1: Ball
1-1: Ground out 4-3 (Groundball, 4)
Top of the 7th over - 1 run(s), 3 hit(s), 0 error(s), 2 left on base; Hartford 7 - Philadephia 1776 3
BOTTOM OF THE 7TH
Philadephia 1776 BC batting - Pitching for Hartford Whalers : LHP Tony Cherena
Batting: LHB Sébastien Rolland 0-0: Ball
1-0: SINGLE (Line Drive, 7S)
Batting: RHB Iván Pérez 0-0: Ball
1-0: Ball
Sébastien Rolland is caught stealing 2nd base
2-0: Ground out 5-3 (Groundball, 56)
Batting: RHB Brian O'Brian 0-0: Called Strike
0-1: Ball
1-1: Fly out, F8 (Flyball, 8RXD)
Bottom of the 7th over - 0 run(s), 1 hit(s), 0 error(s), 0 left on base; Hartford 7 - Philadephia 1776 3
TOP OF THE 8TH
Hartford Whalers batting - Pitching for Philadephia 1776 BC : LHP Francisco Carrasco
Pinch Hitting: RHB Dave Farr 0-0: Foul Ball, location: 2F
0-1: Swinging Strike
0-2: Strikes out swinging
Batting: LHB Bill Burgess 0-0: Called Strike
0-1: Foul Ball, location: 2F
0-2: Ball
1-2: Foul Ball, location: 2F
1-2: Fly out, F1 (Line Drive, 13S)
Batting: LHB Frank Parks 0-0: Called Strike
0-1: Ball
1-1: Ball
2-1: Ground out 5-3 (Groundball, 5S)
Top of the 8th over - 0 run(s), 0 hit(s), 0 error(s), 0 left on base; Hartford 7 - Philadephia 1776 3
BOTTOM OF THE 8TH
Philadephia 1776 BC batting - Pitching for Hartford Whalers : LHP Tony Cherena
Pitching: RHP Juan Hernández
Batting: LHB Chris Nelson 0-0: Called Strike
0-1: Ball
1-1: Ball
2-1: Swinging Strike
2-2: Foul Ball, location: 2F
2-2: Foul Ball, location: 2F
2-2: Foul Ball, location: 2F
2-2: Strikes out looking
Batting: RHB Carl Good 0-0: Foul Ball, location: 2F
0-1: Ground out 5-3 (Groundball, 56S)
Batting: LHB Matt Mitchell 0-0: Called Strike
0-1: Swinging Strike
0-2: Ball
1-2: Ball
2-2: Strikes out swinging
Bottom of the 8th over - 0 run(s), 0 hit(s), 0 error(s), 0 left on base; Hartford 7 - Philadephia 1776 3
TOP OF THE 9TH
Hartford Whalers batting - Pitching for Philadephia 1776 BC : LHP Francisco Carrasco
Batting: RHB Tyrone Scott 0-0: Ball
1-0: SINGLE (Line Drive, 34)
Batting: LHB Leonardo López 0-0: SINGLE (Groundball, 6M) (infield hit)
Tyrone Scott to second
Batting: RHB Roberto Ramírez 0-0: Ball
1-0: Swinging Strike
1-1: Foul Ball, location: 2F
1-2: Fly out, F7 (Flyball, 7LMF)
Batting: RHB Dave O'Day 0-0: Ball
1-0: Called Strike
1-1: Foul Ball, location: 2F
1-2: Ball
2-2: Ball
3-2: Strikes out swinging
Pitching: LHP Jason Dudley
Batting: LHB César Durán 0-0: Called Strike
0-1: Called Strike
0-2: 3-RUN HOME RUN (Flyball, 89XD), Distance : 433 ft
Batting: RHB Félix Rodríguez 0-0: Ball
1-0: Fly out, F7 (Popup, 78S)
Top of the 9th over - 3 run(s), 3 hit(s), 0 error(s), 0 left on base; Hartford 10 - Philadephia 1776 3
BOTTOM OF THE 9TH
Philadephia 1776 BC batting - Pitching for Hartford Whalers : RHP Juan Hernández
Now at C: Julian Anthony
Batting: RHB Lúcio Montoya 0-0: Ball
1-0: Called Strike
1-1: Ball
2-1: Ground out 6-3 (Groundball, 6M)
Batting: RHB Soseki Matsunaga 0-0: Swinging Strike
0-1: Ball
1-1: Foul Ball, location: 2F
1-2: Ball
2-2: SINGLE (Groundball, 5D)
Pinch Hitting: LHB Rubén Alte 0-0: Ball
1-0: Ball
2-0: Swinging Strike
2-1: Ball
3-1: Called Strike
3-2: Base on Balls
Soseki Matsunaga to second
Batting: LHB Sébastien Rolland 0-0: Ball
1-0: Ball
2-0: Fielders Choice at 2nd, 3-6 (Groundball, 3)
Soseki Matsunaga to third
Batting: RHB Iván Pérez 0-0: Called Strike
0-1: Swinging Strike
0-2: Strikes out looking
Bottom of the 9th over - 0 run(s), 1 hit(s), 0 error(s), 2 left on base; Hartford 10 - Philadephia 1776 3
This league is powered by Out of the Park Baseball, the baseball management simulation game for PC, Mac and Linux
Monday, May 4th, 2015 - OOTP Baseball 15.6 Build 34